 Dungeon Crawl Stone Soup version 0.29-a0-356-g7bc237e783 (webtiles) character file.

Game seed: 16557454630111895398

33153 jlumianski the Cleaver (level 13, -3/98 HPs)
             Began as a Demonspawn Fighter on Apr 26, 2022.
             Was a High Priest of Qazlal.
             Slain by a spriggan defender simulacrum (51 damage)
             ... in an ice cave.
             The game lasted 00:55:30 (12519 turns).

jlumianski the Cleaver (Demonspawn Fighter)        Turns: 12519, Time: 00:55:34

Health: -3/98      AC: 38    Str: 22    XL:     13   Next: 35%
Magic:  21/21      EV:  4    Int: 10    God:    Qazlal [*****.]
Gold:   1406       SH: 22    Dex: 22    Spells: 12/12 levels left

rFire   . . .      SeeInvis .   a - +3 war axe (flame)
rCold   x . .      Faith    .   c - +0 buckler
rNeg    . . .      Spirit   .   h - +0 crystal plate armour of Kindness {rC- Regen+ Dex+4}
rPois   .          Reflect  +   p - +1 helmet
rElec   .          Harm     .   n - +1 cloak
rCorr   .          Rampage  .   (no gloves)
Will    .....                   k - +2 pair of boots
Stlth   ..........              L - amulet of reflection
HPRegen 1.06/turn               q - +4 ring of protection
MPRegen 0.17/turn               i - +6 ring of dexterity

@: studying Polearms, repel missiles
A: hooves 1, molten scales 2, icemail 1, spiny 1, condensation shield
a: Renounce Religion, Upheaval, Elemental Force, Disaster Area


You were in an ice cave.
You worshipped Qazlal.
Qazlal was extremely pleased with you.
You visited 2 branches of the dungeon, and saw 15 of its levels.
You also visited: Sewer, Bailey and Ice Cave.

You collected 1406 gold pieces.

Inventory:

Hand Weapons
 a - a +3 war axe of flaming (weapon)
 u - a +2 long sword of venom
Missiles
 g - 10 boomerangs (quivered)
 l - 26 poisoned darts
 s - 5 atropa-tipped darts
 w - 7 javelins
Armour
 c - a +0 buckler (worn)
 h - the +0 crystal plate armour of Kindness (worn) {rC- Regen+ Dex+4}
   (You acquired it on level 1 of the Dungeon)

   Dex:       It affects your dexterity (+4).
   rC:        It makes you vulnerable to cold.
   Regen:     It increases your rate of health regeneration.
 k - a +2 pair of boots (worn)
 m - the +1 chain mail of Naixox {Harm rCorr SInv}
   (You found it on level 11 of the Dungeon)

   SInv:      It lets you see invisible.
   rCorr:     It protects you from acid and corrosion.
   Harm:      It increases damage dealt and taken.
 n - a +1 cloak (worn)
 p - a +1 helmet (worn)
Jewellery
 i - a +6 ring of dexterity (right hand)
 q - a +4 ring of protection (left hand)
 x - a ring of willpower
 z - a ring of flight
 L - an amulet of reflection (around neck)
Wands
 e - a wand of acid (8)
 C - a wand of charming (2)
 I - a wand of flame (9)
 M - a wand of paralysis (7)
Scrolls
 f - 11 scrolls of teleportation
 o - a scroll of blinking
 r - a scroll of fog
 v - 5 scrolls of fear
 y - 3 scrolls of identify
 A - a scroll of silence
Potions
 b - a potion of heal wounds
 d - 5 potions of might
 j - 4 potions of haste
 t - 2 potions of mutation
 B - a potion of resistance
 E - 2 potions of lignification
 F - 4 potions of curing
 H - a potion of berserk rage
 K - 2 potions of ambrosia
 O - a potion of flight


   Skills:
 + Level 7.8 Fighting
 + Level 12.2 Axes
 + Level 0.9 Throwing
 + Level 8.4 Armour
 + Level 0.8 Dodging
 - Level 1.0 Stealth
 + Level 9.9 Shields
 * Level 11.5 Invocations
 * Level 7.4 Evocations


You had 12 spell levels left.
You didn't know any spells.
Your spell library contained the following spells:

 Spells                   Type           Power      Damage    Failure   Level
 Magic Dart               Conj           0%         1d3       100%        1
 Slow                     Hex            0%         N/A       100%        1
 Blink                    Tloc           0%         N/A       100%        2
 Call Imp                 Summ           0%         N/A       100%        2
 Corpse Rot               Necr/Air       0%         N/A       100%        2
 Confusing Touch          Hex            0%         N/A       100%        3
 Mephitic Cloud           Conj/Pois/Air  0%         N/A       100%        3
 Portal Projectile        Hex/Tloc       0%         N/A       100%        3
 Vampiric Draining        Necr           0%         2d6       100%        3
 Dispel Undead            Necr           0%         3d6       100%        4
 Blade Hands              Tmut           0%         N/A       100%        5
 Excruciating Wounds      Necr           0%         N/A       100%        5
 Fireball                 Conj/Fire      0%         3d3       100%        5
 Manifold Assault         Tloc           0%         N/A       100%        5
 Death Channel            Necr           0%         N/A       100%        6
 Starburst                Conj/Fire      0%         6d3       100%        6
 Storm Form               Tmut/Air       0%         N/A       100%        7
 Ignition                 Fire           0%         3d3       100%        8


Dungeon Overview and Level Annotations

Branches:
Dungeon (14/15)            Temple (1/1) D:5            Lair (0/6) D:9
    Orc (0/2) D:11         Vaults (0/5) D:13          Sewer (visited)
 Bailey (visited)           IceCv (1/1)

Altars:
Ashenzari
Cheibriados
Dithmenos
Elyvilon
Fedhas
Makhleb
Nemelex Xobeh
Okawaru
Qazlal
Ru
Sif Muna
Uskayaw
Wu Jian
Xom
Zin
The Shining One

Shops:
D:1 !


Innate Abilities, Weirdness & Mutations

You have large cloven feet.
You are mostly covered in molten scales. (AC +3)
A meltable icy envelope protects you from harm. (AC +4)
You are partially covered in sharp spines.
A meltable shield of frost defends you. (SH +4)


Message History

The five-headed hydra is severely wounded.
The five-headed hydra is struck by your spines.
The five-headed hydra bites you but does no damage.
You block the five-headed hydra's attack. x4
You chop one of the five-headed hydra's heads off!
The flame cauterises the wound!
You slash the four-headed hydra! You burn the four-headed hydra.
You kill the four-headed hydra!
Qazlal accepts your kill.
You see here a hydra corpse.
There is a frozen archway here.
The world spins around you as you enter the gateway.
You enter an ice cave!
Found an ice covered gate leading back out of this place.
There is an ice choked empty arch of ancient stone here.
A spriggan defender simulacrum comes into view.
The spriggan defender simulacrum is struck by your spines.
The spriggan defender simulacrum hits you!
The spriggan defender simulacrum freezes you!!!
You feel a terrible chill!
An entropy weaver simulacrum, 2 minotaur simulacra, an ice devil and a freezing wraith come into view.
You block the spriggan defender simulacrum's attack.
A deep troll simulacrum comes into view.
You block the spriggan defender simulacrum's attack.
You miss the spriggan defender simulacrum.
The spriggan defender simulacrum is moderately damaged.
You block the spriggan defender simulacrum's attack.
You barely miss the spriggan defender simulacrum.
The spriggan defender simulacrum is moderately damaged.
A freezing wraith comes into view.
The spriggan defender simulacrum is struck by lightning.
You block the spriggan defender simulacrum's attack.
You closely miss the spriggan defender simulacrum.
The spriggan defender simulacrum is severely damaged.
The spriggan defender simulacrum is struck by your spines.
The spriggan defender simulacrum hits you.
The spriggan defender simulacrum freezes you!!!
You feel a terrible chill!
Ouch! That really hurt!
You die... ....W .... .W. #ZZ

.Z## 4.##
##Z.#
##○@.#
##...##
#...##
#...##
##...#
##...##
##.....##
#...∩...#
#.......#


You could see an ice devil, 2 freezing wraiths, a spriggan defender simulacrum,
a minotaur simulacrum, a deep troll simulacrum and an entropy weaver simulacrum.

Vanquished Creatures
  7 hydras
  The ghost of Cecur the Carver, a journeyman DsGl of Hepliaklqana (D:10)
  2 boulder beetles (D:12)
  3 centaur warriors
  A death knight (D:12)
  A dancing weapon (D:9)
  A two-headed ogre (D:12)
  A tengu warrior (D:13)
  4 skeletal warriors
  A glowing orange brain (shapeshifter) (D:13)
  4 ugly things
  4 cyclopes
  A salamander (shapeshifter) (D:13)
  2 manticores
  A gargoyle (D:11)
  2 freezing wraiths (D:13)
  3 kobold demonologists (D:12)
  A yaktaur (shapeshifter) (D:13)
  3 unseen horrors
  A tengu conjurer (D:12)
  2 trolls (D:11)
  Prince Ribbit (D:6)
  4 slime creatures (D:13)
  3 shadows
  5 wraiths
  21 yaks
  3 wyverns
  Eustachio (D:4)
  A basilisk (D:9)
  An acid dragon (D:12)
  4 water moccasins
  An ice beast (D:7)
  8 orc warriors
  2 sky beasts (D:7)
  3 ogres
  9 centaurs
  A kobold brigand (D:8)
  A phantom (D:7)
  3 scorpions
  A bullfrog (D:8)
  2 gnoll sergeants
  2 necrophages (D:6)
  5 wights (D:7)
  6 killer bees (D:8)
  3 howler monkeys
  7 crimson imps (D:11)
  7 jellies
  A hound (D:4)
  7 orc priests
  A gnoll shaman (D:5)
  2 iguanas
  12 orc wizards
  11 gnolls
  10 adders
  3 river rats (Sewer)
  3 white imps
  A worm (D:2)
  6 dart slugs
  63 orcs
  14 ball pythons
  6 bats
  22 endoplasms
  12 giant cockroaches
  3 goblins
  5 hobgoblins
  5 jackals
  10 quokkas
  6 frilled lizards
  15 kobolds
  11 rats
380 creatures vanquished.

Vanquished Creatures (collateral kills)
  Urug (D:12)
  2 skeletal warriors (D:12)
  A yak (D:9)
4 creatures vanquished.

Vanquished Creatures (others)
  3 fungi (D:9)
  22 plants
25 creatures vanquished.

Grand Total: 409 creatures vanquished

Notes
Turn   | Place    | Note
-------+----------+-------------------------------------------
     0 | D:1      | jlumianski the Demonspawn Fighter began the quest for the
                  | Orb.
     0 | D:1      | Reached XP level 1. HP: 18/18 MP: 1/1
   147 | D:1      | Gained mutation: You are partially covered in sharp spines.
                  | [demonic ancestry]
   147 | D:1      | Reached XP level 2. HP: 21/24 MP: 2/2
   189 | D:1      | Found Gepod's Distillery.
   567 | D:1      | Reached skill level 2 in Axes
   691 | D:1      | Reached XP level 3. HP: 29/29 MP: 3/3
  1368 | D:1      | Identified a scroll of acquirement
  1368 | D:1      | Acquired the +0 crystal plate armour of Kindness {rC-
                  | Regen+ Dex+4}
  1544 | D:3      | Found a burning altar of Makhleb.
  1724 | D:2      | Found a faded altar of an unknown god.
  1965 | D:3      | Found a broken altar of Ashenzari.
  1965 | D:3      | Found a sacrificial altar of Ru.
  1969 | D:3      | Reached XP level 4. HP: 37/37 MP: 4/4
  2310 | D:2      | Reached skill level 1 in Stealth
  2327 | D:3      | Gained mutation: You have large cloven feet. [demonic
                  | ancestry]
  2327 | D:3      | Reached XP level 5. HP: 34/42 MP: 5/5
  2478 | D:3      | Found an ornate altar of the Wu Jian Council.
  2779 | D:3      | Reached skill level 3 in Axes
  3140 | D:4      | Gained mutation: A meltable shield of frost defends you.
                  | (SH +4) [demonic ancestry]
  3140 | D:4      | Reached XP level 6. HP: 47/48 MP: 6/6
  3156 | D:4      | Noticed Eustachio
  3267 | D:4      | Killed Eustachio
  3268 | D:4      | Reached skill level 4 in Axes
  3294 | D:4      | Found a shimmering blue altar of Sif Muna.
  4141 | D:4      | Gained mutation: A meltable icy envelope protects you from
                  | harm. (AC +4) [demonic ancestry]
  4141 | D:4      | Reached XP level 7. HP: 54/54 MP: 7/7
  4634 | D:5      | Entered Level 5 of the Dungeon
  4661 | D:5      | Found a blossoming altar of Fedhas.
  4769 | D:5      | Reached skill level 5 in Axes
  5080 | D:5      | Found a staircase to the Ecumenical Temple.
  5106 | Temple   | Entered the Ecumenical Temple
  5152 | Temple   | Became a worshipper of Qazlal Stormbringer
  5217 | D:5      | Reached skill level 5 in Armour
  5305 | D:5      | Reached skill level 1 in Invocations
  5305 | D:5      | Gained mutation: You are partially covered in molten
                  | scales. (AC +2) [demonic ancestry]
  5305 | D:5      | Reached XP level 8. HP: 61/61 MP: 8/8
  5666 | D:6      | Found a glowing drain.
  5680 | Sewer    | Entered a sewer
  5779 | Sewer    | Reached skill level 6 in Axes
  5790 | Sewer    | Reached * piety under Qazlal
  5846 | Sewer    | Found a viscous altar of Jiyva.
  6127 | D:6      | Noticed Prince Ribbit
  6136 | D:6      | Killed Prince Ribbit
  6277 | D:6      | Found a hide-covered altar of Uskayaw.
  6332 | D:6      | Found a snail-covered altar of Cheibriados.
  6634 | D:6      | Killed an unseen horror
  6635 | D:6      | Reached skill level 5 in Fighting
  6635 | D:6      | Reached skill level 7 in Axes
  6651 | D:6      | Reached XP level 9. HP: 59/68 MP: 12/12
  6664 | D:6      | Reached skill level 5 in Shields
  6750 | D:7      | Reached ** piety under Qazlal
  6799 | D:7      | Reached skill level 5 in Invocations
  7689 | D:8      | Noticed a cyan ugly thing
  7706 | D:8      | Killed a cyan ugly thing
  7707 | D:8      | Reached skill level 8 in Axes
  7707 | D:8      | Reached skill level 1 in Evocations
  7809 | D:8      | Reached XP level 10. HP: 75/76 MP: 14/14
  8417 | D:9      | Reached skill level 9 in Axes
  8534 | D:9      | Found a staircase to the Lair.
  8784 | D:9      | Reached *** piety under Qazlal
  8795 | D:9      | Found a sparkling altar of Nemelex Xobeh.
  8848 | D:9      | Gained mutation: You are mostly covered in molten scales.
                  | (AC +3) [demonic ancestry]
  8848 | D:9      | Reached XP level 11. HP: 73/81 MP: 15/17
  9009 | D:10     | Entered Level 10 of the Dungeon
  9121 | D:10     | Found a runed translucent door.
  9122 | D:10     | Found a shimmering altar of Xom.
  9122 | D:10     | Noticed Cecur's ghost (journeyman DsGl)
  9122 | D:10     | Noticed a +1 mace of chaos
  9284 | D:10     | Found a flagged portal.
  9296 | Bailey   | Entered a bailey
  9999 | D:9      | Killed a +1 mace of chaos
 10041 | D:10     | Killed Cecur's ghost
 10042 | D:10     | Reached skill level 10 in Axes
 10099 | D:11     | Noticed an eight-headed hydra
 10111 | D:11     | Killed a three-headed hydra
 10242 | D:11     | Reached **** piety under Qazlal
 10286 | D:11     | Identified the +1 chain mail of Naixox {Harm rCorr SInv}
 10394 | D:11     | Noticed a brown ugly thing
 10402 | D:11     | Killed a brown ugly thing
 10403 | D:11     | Reached skill level 5 in Evocations
 10759 | D:11     | Found a staircase to the Orcish Mines.
 10796 | D:12     | Noticed an eight-headed hydra
 10809 | D:11     | Killed a one-headed hydra
 10820 | D:12     | Noticed a six-headed hydra
 10830 | D:12     | Killed a two-headed hydra
 10831 | D:12     | Noticed a purple ugly thing
 10833 | D:12     | Noticed a six-headed hydra
 10849 | D:11     | Killed a four-headed hydra
 10850 | D:11     | Reached XP level 12. HP: 45/89 MP: 19/19
 10893 | D:12     | Noticed a six-headed hydra
 10916 | D:11     | Reached skill level 11 in Axes
 10920 | D:11     | Killed a two-headed hydra
 10968 | D:12     | Noticed a two-headed ogre
 10975 | D:12     | Killed a two-headed ogre
 10976 | D:12     | Reached skill level 10 in Invocations
 11276 | D:12     | Noticed a boulder beetle
 11295 | D:12     | Killed a boulder beetle
 11343 | D:12     | Noticed a seven-headed hydra
 11351 | D:12     | Killed a three-headed hydra
 11384 | D:12     | Noticed Urug
 11391 | D:12     | Killed Urug
 11730 | D:13     | Noticed a boulder beetle
 11741 | D:13     | Noticed a centaur warrior
 11747 | D:13     | Killed a centaur warrior
 11762 | D:12     | Killed a boulder beetle
 11823 | D:13     | Reached XP level 13. HP: 96/96 MP: 21/21
 12080 | D:12     | Reached skill level 12 in Axes
 12151 | D:13     | Reached ***** piety under Qazlal
 12308 | D:13     | Found a gate to the Vaults.
 12479 | D:14     | Found a frozen archway.
 12508 | IceCv    | Entered an ice cave
 12519 | IceCv    | Slain by a spriggan defender simulacrum

Illustrated notes

Levels and vault maps discovered:
D:1:      dpeg_cavernosity, layout_basic, serial_shops, shop
D:2:      layout_basic, shapermc_ecumenical_altar_notcrosses,
          serial_bayou_lake_a
D:3:      layout_basic, mainiacjoe_overflow_large_starburst,
          mainiacjoe_overflow_divided_tiny, bloody_makhleb, serial_curves,
          eino_curves_02, eino_curves_04
D:4:      minmay_wonky_spiral, layout_layer_cave,
          mainiacjoe_overflow_six_doors_small, chequers_serial_rivers_micro_c,
          amcnicky_mini_corridor_feature, minmay_puff, uniq_eustachio
D:5:      layout_basic, overflow_temple_1_default,
          minmay_temple_entry_glassed_door, hangedman_decor_points,
          chequers_big_river, hellmonk_bongcloud_opening,
          chequers_serial_rivers_micro_a
D:6:      layout_basic, overflow_temple_1_default, mainiacjoe_overflow_alcove_1,
          kennysheep_slug_shrine, gup_sewer_entry_pipe, uniq_prince_ribbit1
D:7:      layout_cave_pods
D:8:      layout_cave_pools, minmay_manual_mares
D:9:      layout_stronghold, nemelex_xobeh_ov_fountains_minmay,
          minmay_lair_entry_grove
D:10:     layout_irregular_city, enter_bailey_6, ebering_ghost_xom
D:11:     layout_cave_pools, hiddenorc1_lemuel, minmay_nine_imps
D:12:     layout_roguey, minmay_circle_x, uniq_urug
D:13:     layout_rooms, david_vaults_2, nicolae_tso_swordbearing_angel
D:14:     layout_long_grid, gauntlet_entry_generic,
          portal_ice_cave_entry_pillars_four, minmay_misc_feat_room
Temple:   grunt_temple_mini_profane
IceCv:    ice_cave_small_demon

Skill      XL: |  1  2  3  4  5  6  7  8  9 10 11 12 13 |
---------------+----------------------------------------+-----
Shields        | 3 4 5 7 8 9 |  9.9
Axes           | 2 3 4 5 7 8 9 10 11 12 | 12.2
Armour         | 3 4 5 6 7 8 |  8.4
Stealth        | 1 |  1.0
Fighting       | 4 5 6 7 |  7.8
Invocations    | 1 4 6 8 9 11 | 11.5
Evocations     | 1 3 5 6 7 |  7.4
Throwing       | |  0.9
Dodging        | |  0.8

Action                   |  1- 3 |  4- 6 |  7- 9 | 10-12 | 13-15 || total
-------------------------+-------+-------+-------+-------+-------++-------
Melee: War axe           |    93 |   125 |   262 |   479 |    92 ||  1051
       Kick              |       |    18 |       |       |       ||    18
Throw: Boomerang         |       |       |     2 |     5 |       ||     7
Invok: Upheaval          |       |       |       |     1 |       ||     1
       Elemental Force   |       |       |       |     2 |       ||     2
  Use: Scroll            |     4 |     8 |     7 |    11 |     1 ||    31
       Potion            |     2 |     1 |     3 |       |       ||     6
Armor: Scale mail        |    39 |       |       |       |       ||    39
       Crystal plate arm |    30 |   103 |   169 |   339 |    59 ||   700
Dodge: Dodged            |    29 |     6 |    27 |    45 |    14 ||   121
       Repelled          |       |       |       |     1 |       ||     1
Block: Buckler           |    30 |    41 |   200 |   630 |   117 ||  1018
       Reflection        |       |       |       |    30 |     5 ||    35

Table legend: (Time is in decaauts)
 A = Elapsed time spent in this place.
 B = Non-inter-level travel time spent in this place.
 C = Inter-level travel time spent in this place.
 D = Time resting spent in this place.
 E = Time spent auto-exploring this place.
 F = Levels seen in this place.
 G = Mean time per level.
                   A        B        C        D        E       F      G
               +--------+--------+--------+--------+--------+-----+--------+
         Total |  12825 |  12542 |    283 |    253 |   7683 |  18 |  712.5 |
       Dungeon |  11996 |  11713 |    283 |    253 |   7451 |  14 |  856.9 |
        Temple |     91 |     91 |      0 |      0 |      8 |   1 |   91.0 |
         Sewer |    354 |    354 |      0 |      0 |     78 |   1 |  354.0 |
        Bailey |    372 |    372 |      0 |      0 |    145 |   1 |  372.0 |
      Ice Cave |     10 |     10 |      0 |      0 |      0 |   1 |   10.0 |
               +--------+--------+--------+--------+--------+-----+--------+

Top non-repeatable levels by time:
     D:4: 1559 daAuts
     D:1: 1445 daAuts
    D:12: 1067 daAuts
     D:3: 970 daAuts
     D:7: 921 daAuts
     D:6: 916 daAuts
     D:9: 841 daAuts
     D:2: 817 daAuts
    D:11: 804 daAuts
     D:5: 785 daAuts
    D:10: 695 daAuts
     D:8: 624 daAuts
    D:13: 466 daAuts
  Bailey: 372 daAuts
   Sewer: 354 daAuts
